 Dungeon Crawl Stone Soup version 0.29-a0-283-ga02f740833 (webtiles) character file.

Game seed: 8748183830821497346

6265 Crownlay the Thaumaturge (level 10, -7/50 HPs)
             Began as a Gargoyle Earth Elementalist on Mar 13, 2022.
             Was a Believer of Vehumet.
             Mangled by a two-headed ogre
             ... wielding a +1 dire flail of protection
              (20 damage)
             ... on level 9 of the Dungeon.
             The game lasted 00:18:05 (13143 turns).

Crownlay the Thaumaturge (GrEE)                    Turns: 13143, Time: 00:18:06

Health: -7/50      AC: 15    Str: 12    XL:     10   Next: 93%
Magic:  20/34      EV: 11    Int: 20    God:    Vehumet [**....]
Gold:   543        SH:  0    Dex: 10    Spells: 26/32 levels left

rFire   . . .      SeeInvis .   B - +5 halberd (freeze)
rCold   + . .      Faith    .   (shield currently unavailable)
rNeg    + . .      Spirit   .   n - +2 robe {rC+}
rPois   ∞          Reflect  .   b - +0 helmet
rElec   +          Harm     .   h - +0 cloak
rCorr   .          Rampage  .   s - +0 pair of gloves
Will    .....                   F - +0 pair of boots
Stlth   ++........              H - amulet of regeneration
HPRegen 0.96/turn               G - ring of magical power
MPRegen 0.24/turn               (no ring)

@: no status effects
A: sickness immunity, AC +7, negative energy resistance 1, electricity
resistance, torment resistance 1, petrification resistance
a: Renounce Religion


You were on level 9 of the Dungeon.
You worshipped Vehumet.
Vehumet was pleased with you.
You visited 2 branches of the dungeon, and saw 10 of its levels.

You collected 543 gold pieces.

Inventory:

Hand Weapons
 l - a +5 dagger of draining
 B - a +5 halberd of freezing (weapon)
Missiles
 a - 6 stones
 o - 3 javelins
Armour
 b - a +0 helmet (worn)
 h - a +0 cloak (worn)
 n - a +2 robe of cold resistance (worn)
 p - a +0 kite shield
 s - a +0 pair of gloves (worn)
 F - a +0 pair of boots (worn)
Jewellery
 G - a ring of magical power (left hand)
 H - an amulet of regeneration (around neck)
Wands
 t - a wand of flame (14)
Scrolls
 d - 2 scrolls of identify
 e - 6 scrolls of fog
 g - a scroll of teleportation
 j - 2 scrolls of holy word
 u - 5 scrolls of magic mapping
 w - 2 scrolls of enchant weapon
 x - a scroll of fear
 y - a scroll of enchant armour
 C - a scroll of amnesia
Potions
 c - a potion of magic
 f - 4 potions of curing
 i - 2 potions of degeneration {unknown}
 k - a potion of heal wounds {unknown}
 m - 2 potions of flight {unknown}
 q - 2 potions of resistance {unknown}
 r - 3 potions of mutation {unknown}
 v - a potion of lignification {unknown}
 z - a potion of cancellation {unknown}
 A - a potion of ambrosia {unknown}
 D - a potion of berserk rage {unknown}
 E - a potion of attraction {unknown}


   Skills:
 - Level 1.5 Dodging
 - Level 2.1 Stealth
 * Level 11.7 Spellcasting
 + Level 5.1 Conjurations
 - Level 0.7 Transmutations
 + Level 11.2 Earth Magic


You had 26 spell levels left.
You knew the following spells:

 Your Spells              Type           Power      Damage    Failure   Level
a - Sandblast             Erth           100%       2d20      1%          1
b - Passwall              Tmut/Erth      29%        N/A       1%          2
c - Stone Arrow           Conj/Erth      88%        3d12      1%          3

Your spell library contained the following spells:

 Spells                   Type           Power      Damage    Failure   Level
 Searing Ray              Conj           64%        2d6       1%          2
 Foxfire                  Conj/Fire      88%        2x1d8     1%          1
 Magic Dart               Conj           100%       1d8       1%          1
 Shock                    Conj/Air       88%        1d8       1%          1
 Petrify                  Tmut/Erth      35%        N/A       4%          4
 Conjure Flame            Conj/Fire      22%        6-21      6%          3
 Call Imp                 Summ           11%        N/A       9%          2
 Mephitic Cloud           Conj/Pois/Air  18%        N/A       9%          3
 Inner Flame              Hex/Fire       11%        N/A       17%         3
 Swiftness                Air            11%        N/A       17%         3
 Tukima's Dance           Hex            11%        N/A       17%         3
 Flame Wave               Conj/Fire      22%        2d7       21%         4
 Airstrike                Air            5%         N/A       50%         4
 Anguish                  Hex/Necr       5%         N/A       50%         4
 Enfeeble                 Hex            5%         N/A       100%        7


Dungeon Overview and Level Annotations

Branches:
Dungeon (9/15)             Temple (1/1) D:7
   Lair: D:8-11         Orc: D:9-12

Altars:
Ashenzari
Cheibriados
Dithmenos
Elyvilon
Fedhas
Gozag
Hepliaklqana
Kikubaaqudgha
Makhleb
Nemelex Xobeh
Okawaru
Qazlal
Ru
Sif Muna
Trog
Uskayaw
Vehumet
Wu Jian
Xom
Yredelemnul
Zin
The Shining One

Shops:
D:1 (

Annotations:
D:8 3 runed translucent doors, ma3's ghost, novice DEAM


Innate Abilities, Weirdness & Mutations

You are immune to sickness and miasma.
Your stone body is resilient. (AC +7)
You are immune to poison.
You resist negative energy. (rN+)
You are resistant to electric shocks. (rElec)
You are resistant to unholy torment.
You are immune to petrification.


Message History

You finish putting on your amulet of regeneration.
The amulet throbs as it attunes itself to your uninjured body.
H - an amulet of regeneration (around neck)
You open the door.
There is an open door here.
You open the door.
There is an open door here.
As you open the door, it creaks loudly!
There is an open door here.
You open the door.
There is an open door here.
The two-headed ogre shouts in stereo!
The stone arrow hits the two-headed ogre!
The two-headed ogre is lightly wounded.
The stone arrow hits the two-headed ogre!
The two-headed ogre is moderately wounded.
The two-headed ogre hits you with a +1 dire flail of protection!
The two-headed ogre hits you with a +0 dire flail.
The stone arrow hits the two-headed ogre!
The two-headed ogre is heavily wounded.
The two-headed ogre hits you with a +1 dire flail of protection.
The two-headed ogre hits you with a +0 dire flail!
* * * LOW HITPOINT WARNING * * *
Casting: Stone Arrow (safe; 1% risk of failure)
Confirm with . or Enter, or press ? or * to list all spells.
Aiming: Stone Arrow (safe; 1% risk of failure)
Press: ? - help, Shift-Dir - straight line, f/p - two-headed ogre
Aim: a two-headed ogre, wielding a +1 dire flail of protection and a +0 dire flail (heavily wounded, 89% to hit)
The stone arrow hits the two-headed ogre!
The two-headed ogre is severely wounded.
Casting: Stone Arrow (safe; 1% risk of failure)
Confirm with . or Enter, or press ? or * to list all spells.
Aiming: Stone Arrow (safe; 1% risk of failure)
Press: ? - help, Shift-Dir - straight line, f/p - two-headed ogre
Aim: a two-headed ogre, wielding a +1 dire flail of protection and a +0 dire flail (severely wounded, 89% to hit)
The stone arrow hits the two-headed ogre!
The two-headed ogre is almost dead.
The two-headed ogre barely misses you.
The two-headed ogre hits you with a +0 dire flail!!
You die...

......# .....##
#####.....#
#...#.....# .
#...#.....# ...
#...#.....####
.....#+#'#........#
......O@..........##
..#######..<.....[.#
#.....#....#..##.#
#.....#...###..#.##
#.....#..## ##.#..#
#.........# #.....#
#......#.## ##.#..##
#.....#### ####..#
#....## ##.#


You could see a two-headed ogre.

Vanquished Creatures
  A hydra (D:8)
  A manticore (D:8)
  An unseen horror (D:9)
  2 hornets (D:8)
  A shadow (D:8)
  A wyvern (D:7)
  A yak (D:8)
  A steam dragon (D:8)
  2 water moccasins (D:7)
  Duvessa (D:5)
  An acid dragon (D:8)
  3 ice beasts
  3 sky beasts
  3 black bears
  2 ogres (D:4)
  A centaur (D:8)
  2 phantoms
  4 bullfrogs (D:8)
  5 kobold brigands
  3 necrophages
  A scorpion (D:7)
  A gnoll sergeant (D:8)
  5 wights (D:8)
  Dowan (D:5)
  4 killer bees (D:8)
  2 howler monkeys (D:8)
  6 hounds
  A jelly (D:8)
  6 orc priests
  Crazy Yiuf (D:3)
  2 gnoll shamans
  Jessica (D:3)
  Terence (D:3)
  4 iguanas
  4 orc wizards
  Robin (D:3)
  7 gnolls
  5 adders
  2 shadow imps
  A white imp (D:6)
  3 worms
  3 dart slugs
  21 orcs
  A bat zombie (D:3)
  9 endoplasms
  7 giant cockroaches
  14 goblins
  10 hobgoblins
  2 jackals (D:3)
  5 quokkas
  7 ball pythons
  9 bats
  4 frilled lizards
  21 kobolds
  6 rats
  A rat zombie (D:3)
218 creatures vanquished.

Notes
Turn   | Place    | Note
-------+----------+-------------------------------------------
     0 | D:1      | Crownlay the Gargoyle Earth Elementalist began the quest
                  | for the Orb.
     0 | D:1      | Reached XP level 1. HP: 10/10 MP: 3/3
    66 | D:1      | Found Tirudim's Weapon Emporium.
   206 | D:1      | Reached XP level 2. HP: 9/15 MP: 5/5
   464 | D:1      | You fall into a shaft and drop 1 floor!
   818 | D:2      | Reached XP level 3. HP: 5/19 MP: 2/7
  1154 | D:2      | Learned a level 2 spell: Passwall
  1158 | D:2      | Learned a level 3 spell: Stone Arrow
  1508 | D:2      | Found a faded altar of an unknown god.
  1569 | D:2      | Reached XP level 4. HP: 24/24 MP: 7/9
  2881 | D:3      | Found a basalt altar of Yredelemnul.
  2883 | D:3      | Noticed Jessica
  2903 | D:3      | Killed Jessica
  2904 | D:3      | Reached XP level 5. HP: 16/28 MP: 0/11
  3033 | D:3      | Found a hazy altar of Hepliaklqana.
  3147 | D:3      | Found an ancient bone altar of Kikubaaqudgha.
  3276 | D:3      | Noticed Terence
  3281 | D:3      | Killed Terence
  3282 | D:3      | Reached skill level 5 in Earth Magic
  3356 | D:3      | Noticed Robin
  3378 | D:3      | Killed Robin
  3571 | D:3      | Found a runed translucent door.
  3572 | D:3      | Noticed Crazy Yiuf
  3579 | D:3      | Killed Crazy Yiuf
  3580 | D:3      | Reached XP level 6. HP: 32/32 MP: 3/13
  4276 | D:4      | Reached skill level 5 in Spellcasting
  4873 | D:4      | Reached XP level 7. HP: 36/36 MP: 11/15
  5049 | D:4      | Identified the +0 leather armour of Noughts and Crosses
                  | {Harm rN+ Str+3 Dex+2 Stlth-}
  5761 | D:5      | Entered Level 5 of the Dungeon
  6126 | D:5      | Reached XP level 8. HP: 41/41 MP: 10/18
  6230 | D:5      | Noticed Dowan
  6231 | D:5      | Noticed Duvessa
  6259 | D:5      | Killed Duvessa
  6262 | D:5      | Killed Dowan
  7484 | D:6      | Found a broken altar of Ashenzari.
  8346 | D:7      | Found a staircase to the Ecumenical Temple.
  8414 | Temple   | Entered the Ecumenical Temple
  8589 | Temple   | Became a worshipper of Vehumet
  8617 | D:7      | Reached XP level 9. HP: 45/45 MP: 13/21
  9903 | D:8      | Noticed a hornet
  9905 | D:8      | Killed a hornet
  9937 | D:8      | Reached * piety under Vehumet
  9937 | D:8      | Offered knowledge of Freeze by Vehumet.
 10089 | D:8      | Reached skill level 10 in Spellcasting
 10153 | D:8      | Reached skill level 1 in Conjurations
 10369 | D:8      | Reached skill level 10 in Earth Magic
 10525 | D:8      | Noticed a manticore
 10532 | D:8      | Killed a manticore
 10533 | D:8      | Reached XP level 10. HP: 36/50 MP: 13/24
 10985 | D:8      | Found a runed translucent gate.
 10986 | D:8      | Found a runed translucent gate.
 10986 | D:8      | Found a runed translucent gate.
 10987 | D:8      | Noticed ma3's ghost (novice DEAM)
 11133 | D:8      | Reached ** piety under Vehumet
 11133 | D:8      | Offered knowledge of Searing Ray by Vehumet.
 11725 | D:8      | Noticed a cyclops
 11725 | D:8      | Noticed a skeletal warrior
 11726 | D:8      | Noticed a centaur warrior
 12595 | D:8      | Noticed a seven-headed hydra
 12601 | D:8      | Killed a seven-headed hydra
 12858 | D:9      | Noticed a two-headed ogre
 12865 | D:9      | Killed an unseen horror
 12866 | D:9      | Reached skill level 5 in Conjurations
 13143 | D:9      | Mangled by a two-headed ogre

Illustrated notes

Levels and vault maps discovered:
D:1:      dpeg_arrival_pond, layout_basic, serial_shops, shop,
          amcnicky_mini_rare_corridor_liquid
D:2:      layout_basic, shapermc_ecumenical_altar_flowoftime,
          kennysheep_decorative_pillar, st_stairs_13,
          hangedman_abyss_or_decor_lesser_grid, kennysheep_nub
D:3:      layout_basic, lemuel_zombie_altar_kikubaaqudgha,
          mainiacjoe_overflow_catwalk_spiral, uniq_jessica, uniq_terence,
          uniq_crazy_yiuf_cottage, uniq_robin
D:4:      layout_basic, minmay_pentangle
D:5:      cheibrodos_thug_alley, layout_basic, minmay_diced_spiral, uniq_duvessa
D:6:      layout_cave_pods, ashenzari_altar_1, roderic_roman_lattice,
          minmay_misc_feat_nine_boxes
D:7:      layout_gridville, minmay_temple_entry_arrows,
          nicolae_concentric_dashed_squares_wild, grunt_ministairs_11,
          hangedman_decor_push
D:8:      minmay_the_grid_triangle_9x9_rhombus_full
          [minmay_the_grid_triangle_9x9_dagger,
          minmay_the_grid_triangle_9x9_corruption,
          minmay_the_grid_triangle_9x9_skeleton,
          minmay_the_grid_triangle_9x9_from_above,
          minmay_the_grid_triangle_9x9_sparse_checkered,
          minmay_the_grid_triangle_9x9_swiss_cheese,
          minmay_the_grid_triangle_9x9_cache,
          minmay_the_grid_triangle_9x9_prize_center], layout_basic,
          ebering_ghost_rock_garden
D:9:      layout_irregular_city, due_lair_maze_entry_diamond, nrook_mini_vaults,
          minivault_16, minmay_fractal_squares_gapless_5, uniq_joseph,
          uniq_amaemon, uniq_harold
Temple:   mainiacjoe_temple_coin_purse

Skill      XL: |  1  2  3  4  5  6  7  8  9 10 |
---------------+-------------------------------+-----
Earth Magic    | 4 5 6 7 8 10 11 | 11.2
Spellcasting   | 3 4 5 6 8 10 11 | 11.7
Conjurations   | 2 5 |  5.1
Dodging        | |  1.5
Stealth        | |  2.1
Transmutations | |  0.7

Action                   |  1- 3 |  4- 6 |  7- 9 | 10-12 || total
-------------------------+-------+-------+-------+-------++-------
Melee: Short sword       |    50 |    16 |       |       ||    66
       Unarmed           |     7 |       |       |       ||     7
       Dagger            |       |    57 |    21 |       ||    78
       Halberd           |       |       |       |     4 ||     4
Throw: Javelin           |       |     3 |       |       ||     3
 Cast: Sandblast         |    26 |    40 |    59 |    16 ||   141
       Stone Arrow       |       |     3 |   120 |    65 ||   188
Evoke: Wand              |       |       |       |     1 ||     1
  Use: Scroll            |       |     7 |     4 |     2 ||    13
 Stab: Sleeping          |     2 |     3 |       |       ||     5
Armor: Robe              |    35 |    34 |    21 |    36 ||   126
Dodge: Dodged            |    59 |    68 |    37 |    15 ||   179

Table legend: (Time is in decaauts)
 A = Elapsed time spent in this place.
 B = Non-inter-level travel time spent in this place.
 C = Inter-level travel time spent in this place.
 D = Time resting spent in this place.
 E = Time spent auto-exploring this place.
 F = Levels seen in this place.
 G = Mean time per level.
                   A        B        C        D        E       F      G
               +--------+--------+--------+--------+--------+-----+--------+
         Total |  13157 |  12612 |    545 |    572 |  10379 |  10 | 1315.7 |
       Dungeon |  12969 |  12437 |    532 |    572 |  10223 |   9 | 1441.0 |
        Temple |    188 |    175 |     13 |      0 |    156 |   1 |  188.0 |
               +--------+--------+--------+--------+--------+-----+--------+

Top non-repeatable levels by time:
     D:8: 3202 daAuts
     D:2: 1691 daAuts
     D:4: 1620 daAuts
     D:5: 1475 daAuts
     D:3: 1287 daAuts
     D:7: 1248 daAuts
     D:1: 1170 daAuts
     D:6: 1156 daAuts
  Temple: 188 daAuts
     D:9: 115 daAuts
